 Dungeon Crawl Stone Soup version 0.32-a0-868-g153ae1a8d6 (webtiles) character file.

Game seed: 16839812107352716027

59 Griffin23 the Shield-Bearer (level 3, -4/33 HPs)
             Began as a Minotaur Fighter on Mar 29, 2024.
             Killed by nerve-wracking pain
             ... invoked by an orc priest
              (14 damage)
             ... on level 3 of the Dungeon.
             The game lasted 00:02:26 (1371 turns).

Griffin23 the Shield-Bearer (Minotaur Fighter)      Turns: 1371, Time: 00:02:27

Health: -4/33      AC:  9    Str: 22    XL:     3   Next: 78%
Magic:  2/2        EV:  7    Int:  5    God:
Gold:   44         SH:  4    Dex:  9    Spells: 2/2 levels left

rFire   . . .        a - +0 long sword
rCold   . . .        c - +0 buckler
rNeg    . . .        q - +0 chain mail
rPois   .            (helmet restricted)
rElec   .            (no cloak)
rCorr   .            (no gloves)
SInv    .            (no boots)
Will    .....        (no amulet) Stlth
                     (no ring)
HPRegen 0.25/turn    (no ring)
MPRegen 0.08/turn

%: no passive effects
@: no status effects
A: horns 2, retaliatory headbutt
a: Convert to Beogh


You were on level 3 of the Dungeon.
You visited 1 branch of the dungeon, and saw 3 of its levels.

You collected 44 gold pieces.

Inventory:

Hand Weapons
 a - a +0 long sword (weapon)
Missiles
 p - a throwing net (quivered)
Armour
 b - a +0 scale mail
 c - a +0 buckler (worn)
 q - a +0 chain mail (worn)
Jewellery
 o - a ring of resist corrosion
Scrolls
 e - a scroll of fog {unknown}
 g - a scroll of poison {unknown}
 h - a scroll of enchant armour {unknown}
 j - a scroll of identify {unknown}
 l - a scroll of enchant weapon {unknown}
 s - a scroll of vulnerability {unknown}
Potions
 d - a potion of might
 f - a potion of heal wounds {unknown}
 i - a potion of curing {unknown}
 k - a potion of brilliance {unknown}
 m - a potion of haste {unknown}
 n - a potion of resistance {unknown}
 r - a potion of mutation {unknown}


   Skills:
 + Level 4.2 Fighting
 * Level 3.4 Long Blades
 + Level 4.2 Armour
 + Level 4.2 Shields


You had 2 spell levels left.
You didn't know any spells.
Your spell library contained the following spells:

 Spells                   Type           Power      Damage    Failure   Level
 Frozen Ramparts          Ice            0%         1d1       100%        3
 Ozocubu's Armour         Ice            0%         N/A       100%        3
 Metabolic Englaciation   Hex/Ice        0%         N/A       100%        5


Dungeon Overview and Level Annotations

Branches:
Dungeon (3/15)

Altars:

Annotations:
D:3 Grinder


Innate Abilities, Weirdness & Mutations

You have a pair of horns on your head.
You reflexively headbutt those who attack you in melee.


Message History

You suddenly lose the ability to move!
The orc priest looks encouraged for a moment.
An orc comes into view. It is wielding a +0 whip.
You can move again.
You aren't carrying any items that you can evoke.
Grinder blinks!
You closely miss Grinder. Grinder gestures at you.
You suddenly lose the ability to move!
Grinder hits you.
The orc priest hits you but does no damage.
Grinder hits you.
You writhe in agony.
You can move again.
The orc priest threatens, "Beogh's wrath is as vast as their mercy.
Make your choice!" (press Y on the ability menu to convert to Beogh)
You hit Grinder.
The orc priest shouts, "The Pantheon deserves no one's loyalty.
Let us show you the true path!"
You headbutt Grinder!
Grinder is moderately wounded.
The orc priest hits you but does no damage.
Grinder completely misses you. You furiously retaliate!
You headbutt Grinder.
Unknown command.
Unknown command.
You hit Grinder but do no damage.
Grinder is heavily wounded.
The orc priest hits you but does no damage.
Grinder gestures at you. Pain shoots through your body!
* * * LOW HITPOINT WARNING * * *
The orc priest hits you but does no damage.
You hit Grinder. Your headbutt misses Grinder.
Grinder is heavily wounded.
Grinder barely misses you.
The orc priest hits you but does no damage.
Grinder hits you but does no damage.
You closely miss Grinder.
Grinder is heavily wounded.
The orc priest mumbles some strange prayers to Beogh against you.
Pain shoots through your body!
You die...

...<... .......
.......#####
........ ...........
...... ........?.
..... ....=....#
##...# .........#
....#
#####..†#######...#
..........oo@5.....#
######.#.#.#####<..#
#.#.#.######..#
#.#.#...).....#
#.#.########.##
#.#.# #.# #.#.# #.#
#.# #.# #.#


You could see Grinder, an orc priest and an orc.

Vanquished Creatures
  An adder (D:2)
  A dart slug (D:2)
  An orc (D:2)
  7 ball pythons
  4 endoplasms
  2 giant cockroaches (D:1)
  3 goblins
  2 hobgoblins
  7 kobolds
  2 quokkas (D:1)
  6 bats
  7 frilled lizards
  2 rats
45 creatures vanquished.

Notes
Turn   | Place    | Note
-------+----------+-------------------------------------------
     0 | D:1      | Griffin23 the Minotaur Fighter began the quest for the Orb.
     0 | D:1      | Reached XP level 1. HP: 19/19 MP: 0/0
    78 | D:1      | Reached XP level 2. HP: 16/27 MP: 1/1
   463 | D:1      | Reached XP level 3. HP: 31/33 MP: 2/2
  1353 | D:3      | Noticed Grinder
  1353 | D:3      | Paralysed by Grinder for 2 turns
  1356 | D:3      | Paralysed by Grinder for 4 turns
  1365 | D:3      | Paralysed by Grinder for 3 turns
  1371 | D:3      | Killed from afar by an orc priest

Illustrated notes

Levels and vault maps discovered:
D:1:      minmay_arrival_checkered_box, layout_basic, nicolae_the_louvre
D:2:      layout_loops_ring
D:3:      layout_basic, serial_shops, shop, gammafunk_ghost_cemetery,
          uniq_grinder, uniq_ijyb, uniq_natasha

Skill      XL: |  1  2 |
---------------+-------+-----
Armour         | 4 |  4.2
Shields        | 4 |  4.2
Fighting       | 4 |  4.2
Long Blades    | 3 |  3.4

Action                     || total
---------------------------++-------
  Melee: Long sword        ||   110
         Headbutt          ||    12
 Armour: Scale mail        ||    96
         Chain mail        ||    13
  Dodge: Dodged            ||    45
  Block: Buckler           ||    24

Table legend: (Time is in decaauts)
 A = Elapsed time spent in this place.
 B = Non-inter-level travel time spent in this place.
 C = Inter-level travel time spent in this place.
 D = Time resting spent in this place.
 E = Time spent auto-exploring this place.
 F = Levels seen in this place.
 G = Mean time per level.
                   A        B        C        D        E       F      G
               +--------+--------+--------+--------+--------+-----+--------+
         Total |   1402 |   1351 |     51 |      0 |   1040 |   3 |  467.3 |
       Dungeon |   1402 |   1351 |     51 |      0 |   1040 |   3 |  467.3 |
               +--------+--------+--------+--------+--------+-----+--------+

Top non-repeatable levels by time:
     D:2: 788 daAuts
     D:1: 576 daAuts
     D:3: 37 daAuts
